 Dungeon Crawl Stone Soup version 0.16-a0-4113-g7d8e295 (webtiles) character file.

190 Kaesh the Slasher (level 5, -2/47 HPs)
             Began as a Minotaur Berserker on Mar 1, 2015.
             Was a Priest of Trog.
             Slain by an ogre
             ... wielding a +0 giant spiked club
              (11 damage)
             ... on level 3 of the Dungeon.
             The game lasted 00:13:38 (2909 turns).

Kaesh the Slasher (Minotaur Berserker)              Turns: 2909, Time: 00:13:38

Health: -2/47      AC: 16    Str: 22    XL:     5   Next: 41%
Magic:  2/2        EV:  9    Int:  4    God:    Trog [***...]
Gold:   207        SH:  0    Dex: 10    Spells: 0 memorised, 4 levels left

rFire  . . .     SeeInvis .     a - +0 falchion
rCold  . . .     Clarity  .     x - +2 chain mail {rN+}
rNeg   + . .     SustAb   .     (no shield)
rPois  .         Gourm    .     (helmet restricted)
rElec  .         Spirit   .     (no cloak)
rCorr  .         Warding  .     (no gloves)
rMut   .         Stasis   .     n - +2 pair of boots
MR     ++...                    w - amulet of faith
Stlth  ..........               q - +2 ring of protection
                                k - ring of invisibility

@: exhausted, regenerating, slowed, very slow, very resistant to hostile
enchantments, extremely unstealthy
A: retaliatory headbutt, horns 2
a: Burn Spellbooks, Berserk, Trog's Hand, Renounce Religion, Evoke Invisibility


You were on level 3 of the Dungeon.
You worshipped Trog.
Trog was most pleased with you.
You were not hungry.

You visited 1 branch of the dungeon, and saw 4 of its levels.

You collected 207 gold pieces.

Inventory:

Hand weapons
 a - a +0 falchion (weapon)
Armour
 n - a +2 pair of boots (worn)
 x - a +2 chain mail of positive energy (worn)
Jewellery
 k - a ring of invisibility (left hand)
 q - a +2 ring of protection (right hand)
 w - an amulet of faith (around neck)
Scrolls
 d - 3 scrolls of teleportation {unknown}
 g - 2 scrolls of immolation {unknown}
 h - 2 scrolls of magic mapping {unknown}
 i - 2 scrolls of blinking {unknown}
 l - a scroll of enchant weapon {unknown}
 r - a scroll of identify {unknown}
 t - a scroll of remove curse {unknown}
 v - 2 scrolls of random uselessness {unknown}
 y - a scroll of amnesia {unknown}
Potions
 e - 2 potions of flight {unknown}
 f - 3 potions of brilliance {unknown}
 m - a potion of degeneration {unknown}
 o - a potion of heal wounds {unknown}
 p - a potion of agility {unknown}
 u - a potion of curing {unknown}
Comestibles
 b - a chunk of flesh
 c - 3 bread rations
 j - a meat ration
 s - 2 beef jerkies


   Skills:
 + Level 4.6 Fighting
 + Level 4.7 Long Blades
 + Level 3.5 Armour
 + Level 4.1 Dodging
 + Level 0.3 Stealth


You had 4 spell levels left.
You didn't know any spells.

Dungeon Overview and Level Annotations

Branches:
Dungeon (4/15)
 Temple: D:4-7

Altars:
Ru
Sif Muna


Innate Abilities, Weirdness & Mutations

You reflexively headbutt those who attack you in melee.
You have a pair of horns on your head.


Message History

The ogre misses you. The ogre closely misses you. The ogre closely misses you.
There is a stone staircase leading up here.
The ogre hits you but does no damage.
You climb upwards.
There is a stone staircase leading down here.
Use which ability? (? or * to list)
Your skin crawls.
You feel resistant to hostile enchantments.
You feel slightly more hungry. The ogre barely misses you.
The ogre hits you with a giant spiked club!
You hit the ogre. You headbutt the ogre.
The ogre is heavily wounded.
The ogre hits you with a giant spiked club!
* * * LOW HITPOINT WARNING * * *
You closely miss the ogre.
The ogre is heavily wounded.
The ogre hits you with a giant spiked club!
You die...

...##.#.##.#.# #.......##
......#......###########...#####
...#######.(....># #.#.....#
..(# #..####.### #...###.# ..##
##.........# ##### #.# ..#
#..........##### ####.##
..#######.#.......<....# #......
.......##.##.....O.....# #.##.##
........#.##....@......# #.#...#
........#.##...).......# #......
..#####.#.##...........# #.#...#
..# #.#.......######## #......
..# #.####.##.##############.##
..# #.####.##.##........# #.#
..#####......##.##..####..# #.#
.........######.##..#.....####.#
########.# #................#


You could see an ogre.

Vanquished Creatures
  2 orc wizards (D:4)
  4 gnolls (D:3)
  An adder (D:2)
  A giant mite (D:3)
  A worm (D:2)
  An ooze (D:1)
  2 orcs (D:4)
  A ball python (D:2)
  2 giant cockroaches
  14 hobgoblins
  7 jackals (D:1)
  9 bats
  5 giant newts
  9 goblins
  8 kobolds
  7 rats
74 creatures vanquished.

Notes
Turn   | Place    | Note
--------------------------------------------------------------
     0 | D:1      | Kaesh, the Minotaur Berserker, began the quest for the Orb.
     0 | D:1      | Reached XP level 1. HP: 19/19 MP: 1/1
   155 | D:1      | Reached XP level 2. HP: 14/27 MP: 1/1
   340 | D:1      | Reached skill level 4 in Fighting
   577 | D:1      | Acquired Trog's second power
   725 | D:1      | Reached XP level 3. HP: 25/33 MP: 2/2
  1622 | D:2      | Found a sacrificial altar of Ru.
  1833 | D:2      | Reached XP level 4. HP: 40/40 MP: 2/2
  1881 | D:2      | Found a deep blue altar of Sif Muna.
  2859 | D:4      | Reached XP level 5. HP: 44/47 MP: 2/2
  2885 | D:4      | Noticed an ogre
  2909 | D:3      | Slain by an ogre

Action                   |  1- 3 |  4- 6 || total
-------------------------+-------+-------++-------
Melee: Falchion          |   120 |    69 ||   189
Invok: Berserk           |     1 |     1 ||     2
       Trog's Hand       |       |     1 ||     1
  Eat: Chunk             |     3 |     4 ||     7
       Pizza             |       |     1 ||     1
